 Dungeon Crawl Stone Soup version 0.30-a0-965-g42e074c17a (webtiles) character file.

Game seed: 4589242070430000583

28 Demosthentine the Poker (level 2, -3/23 HPs)
             Began as a Demonspawn Gladiator on Mar 31, 2023.
             Slain by Robin
             ... wielding a +0 spear
              (6 damage)
             ... on level 2 of the Dungeon.
             The game lasted 00:00:49 (660 turns).

Demosthentine the Poker (Demonspawn Gladiator)       Turns: 660, Time: 00:00:50

Health: -3/23      AC:  4    Str: 14    XL:     2   Next: 96%
Magic:  2/2        EV: 12    Int:  9    God:
Gold:   96         SH:  0    Dex: 14    Spells: 1/1 levels left

rFire   . . .      SeeInvis .    a - +0 trident
rCold   . . .      Faith    .    (no shield)
rNeg    . . .      Spirit   .    b - +0 leather armour
rPois   .          Reflect  .    (helmet restricted)
rElec   .          Rampage  .    (no cloak)
rCorr   .                        (no gloves)
Will    .....                    g - +0 pair of boots
Stlth   +                        (no amulet)
HPRegen 0.23/turn                (no ring)
MPRegen 0.08/turn                (no ring)

@: no status effects
A: horns 1
a: no special abilities


You were on level 2 of the Dungeon.
You visited 1 branch of the dungeon, and saw 2 of its levels.

You collected 96 gold pieces.

Inventory:

Hand Weapons
 a - a +0 trident (weapon)
Missiles
 d - 3 throwing nets (quivered)
 e - a javelin
Armour
 b - a +0 leather armour (worn)
 g - a +0 pair of boots (worn)
Scrolls
 c - a scroll of identify


   Skills:
 + Level 2.4 Fighting
 + Level 3.0 Polearms
 - Level 1.7 Throwing
 + Level 1.0 Armour
 + Level 3.0 Dodging


You had one spell level left.
You didn't know any spells.
Your spell library was empty.

Dungeon Overview and Level Annotations

Branches:
Dungeon (2/15)

Altars:

Annotations:
D:2 Robin


Innate Abilities, Weirdness & Mutations

You have a pair of small horns on your head.


Message History

You barely miss the hobgoblin. The hobgoblin hits you.
You closely miss the hobgoblin.
Robin hits you from afar with a +0 spear.
* * * LOW HITPOINT WARNING * * *
The hobgoblin barely misses you.
You aren't carrying any potions.
Unknown command.
Reach: a) +0 trident
Press: ? - help, Dir - move target, f - Robin
Aim: Robin, wielding a +0 spear, wearing a +0 animal skin and wearing a +0 helmet (about 33% to evade your +0 trident)
The hobgoblin is in the way.
You hit the hobgoblin but do no damage. Robin misses you.
The hobgoblin misses you.
Unknown command.
Reach: a) +0 trident
Press: ? - help, Dir - move target, f/p - Robin
Aim: Robin, wielding a +0 spear, wearing a +0 animal skin and wearing a +0 helmet (about 33% to evade your +0 trident)
You reach to attack!
You completely miss Robin.
Robin roars a battlecry!
The hobgoblins go into a battle-frenzy!
The hobgoblin closely misses you.
Reach: a) +0 trident
Press: ? - help, Dir - move target, f/p - Robin
Aim: Robin, wielding a +0 spear, wearing a +0 animal skin and wearing a +0 helmet (about 33% to evade your +0 trident)
You reach to attack!
You hit Robin but do no damage. Robin hits you but does no damage.
The hobgoblin barely misses you. The hobgoblin closely misses you.
Robin hits you but does no damage.
Reach: a) +0 trident
Press: ? - help, Dir - move target, f/p - Robin
Aim: Robin, wielding a +0 spear, wearing a +0 animal skin and wearing a +0 helmet (about 33% to evade your +0 trident)
The hobgoblin is in the way.
You barely miss the hobgoblin.
You punch the hobgoblin, but do no damage.
Robin hits you from afar with a +0 spear.
* * * LOW HITPOINT WARNING * * *
The hobgoblin hits you but does no damage.
Reach: a) +0 trident
Press: ? - help, Dir - move target, f/p - Robin
Aim: Robin, wielding a +0 spear, wearing a +0 animal skin and wearing a +0 helmet (about 33% to evade your +0 trident)
You reach to attack!
You barely miss Robin.
Robin hits you from afar with a +0 spear.
You die...

###########
#.........#
#.#######.# #.#
#####.####### #.#
#....†....... #@#
#.###.####### #g#
#<# #.#
#g###g###.#
#gg)gJg...####
#####g....... ##
######.##..###...
..................
#######...........
#.^.........##


You could see Robin and 3 hobgoblins.

Vanquished Creatures
  2 dart slugs
  A ball python (D:1)
  An endoplasm (D:1)
  7 goblins (D:2)
  2 hobgoblins (D:1)
  A kobold (D:1)
  A quokka (D:1)
  A bat (D:1)
  3 frilled lizards
  3 rats
22 creatures vanquished.

Notes
Turn   | Place    | Note
-------+----------+-------------------------------------------
     0 | D:1      | Demosthentine the Demonspawn Gladiator began the quest for
                  | the Orb.
     0 | D:1      | Reached XP level 1. HP: 16/16 MP: 1/1
   158 | D:1      | Gained mutation: You have a pair of small horns on your
                  | head. [demonic ancestry]
   158 | D:1      | Reached XP level 2. HP: 22/22 MP: 2/2
   620 | D:2      | Noticed Robin
   639 | D:2      | Reached skill level 1 in Armour
   660 | D:2      | Slain by Robin

Illustrated notes

Levels and vault maps discovered:
D:1:      dpeg_arrival_court, layout_rooms, minmay_misc_feat_pillars,
          minmay_misc_feat_plants, grunt_decor_cap
D:2:      layout_loops_ring, uniq_robin, uniq_terence

Skill      XL: |  1  2 |
---------------+-------+-----
Polearms       | 3 |  3.0
Armour         | 1 |  1.0
Dodging        | 3 |  3.0
Fighting       | |  2.4
Throwing       | |  1.7

Action                     || total
---------------------------++-------
  Melee: Trident           ||    69
         Punch             ||     3
         Headbutt          ||     4
    Use: Scroll            ||     3
         Potion            ||     1
 Armour: Leather armour    ||    21
  Dodge: Dodged            ||    52

Table legend: (Time is in decaauts)
 A = Elapsed time spent in this place.
 B = Non-inter-level travel time spent in this place.
 C = Inter-level travel time spent in this place.
 D = Time resting spent in this place.
 E = Time spent auto-exploring this place.
 F = Levels seen in this place.
 G = Mean time per level.
                   A        B        C        D        E       F      G
               +--------+--------+--------+--------+--------+-----+--------+
         Total |    670 |    638 |     32 |      0 |    459 |   2 |  335.0 |
       Dungeon |    670 |    638 |     32 |      0 |    459 |   2 |  335.0 |
               +--------+--------+--------+--------+--------+-----+--------+

Top non-repeatable levels by time:
     D:1: 586 daAuts
     D:2: 83 daAuts
